 Dungeon Sprint DCSS version 0.30-a0-738-g116ff8c4af (webtiles) character file.

Game seed: 11797141662097424952

718 BigDaddyOpFi the Hill Orc-At-Arms (level 7, -1/69 HPs)
             Began as a Hill Orc Fighter on Feb 3, 2023.
             Was a Believer of Okawaru.
             Slain by an ice devil (15 damage)
             ... in the Dungeon (Sprint VII: "The Pits").
             The game lasted 00:01:13 (435 turns).

BigDaddyOpFi the Hill Orc-At-Arms (Hill Orc Fighter) Turns: 435, Time: 00:01:13

Health: -1/69      AC: 17    Str: 21    XL:     7   Next: 70%
Magic:  15/16      EV:  8    Int:  8    God:    Okawaru [**....]
Gold:   0          SH:  7    Dex: 10    Spells: 6/6 levels left

rFire   . . .      SeeInvis .    a - +0 war axe
rCold   . . .      Faith    .    c - +0 buckler
rNeg    . . .      Spirit   .    d - +2 plate armour
rPois   .          Reflect  .    (no helmet)
rElec   .          Harm     .    (no cloak)
rCorr   .          Rampage  .    (no gloves)
Will    .....      NoTele   +    (no boots) Stlth
                                 (no amulet)
HPRegen 0.31/turn                (no ring)
MPRegen 0.15/turn                (no ring)

@: heroic
A: no striking features
a: Renounce Religion, Heroism


You were in the Dungeon.
You worshipped Okawaru.
Okawaru was pleased with you.
You visited 1 branch

Inventory:

Hand Weapons
 a - a +0 war axe (weapon)
Armour
 c - a +0 buckler (worn)
 d - a +2 plate armour (worn)
Scrolls
 j - a scroll of blinking
Potions
 e - 6 potions of curing
 f - 4 potions of heal wounds
 g - a potion of haste
 h - 4 potions of magic
 i - 2 potions of berserk rage
 k - 2 potions of invisibility


   Skills:
 + Level 8.7(13.7) Fighting
 + Level 9.1(14.1) Axes
 + Level 8.0(13.0) Armour
 + Level 8.2(13.2) Shields
 * Level 12.2 Invocations


You had 6 spell levels left.
You didn't know any spells.
Your spell library was empty.

Dungeon Overview and Level Annotations

Branches:
Dungeon (1/1)

Altars:
Ashenzari
Cheibriados
Dithmenos
Elyvilon
Fedhas
Gozag
Hepliaklqana
Kikubaaqudgha
Makhleb
Nemelex Xobeh
Okawaru
Qazlal
Ru
Sif Muna
Trog
Uskayaw
Vehumet
Wu Jian
Xom
Yredelemnul
Zin
The Shining One
Beogh
Jiyva
Lugonu

Annotations:
D Ijyb


Message History

The tyrant leech draws strength from your injuries!
You feel much better.
You closely miss the tyrant leech. The tyrant leech bites you.
The tyrant leech draws strength from your injuries!
You closely miss the tyrant leech.
The tyrant leech bites you but does no damage.
You feel much better.
Ijyb screams, "Get away!"
The tyrant leech bites you!!
The tyrant leech draws strength from your injuries!
You slash the tyrant leech!
The tyrant leech is moderately wounded.
You slash the tyrant leech!
The tyrant leech is heavily wounded.
The tyrant leech bites you.
The tyrant leech draws strength from your injuries!
You slash the tyrant leech!
The tyrant leech is severely wounded.
Ijyb screams, "Me stronger than you!" The tyrant leech barely misses you.
You slice the tyrant leech!!
You kill the tyrant leech!
Okawaru is honoured by your kill.
Ijyb zaps a wand.
The puff of flame misses you.
Your base Axes skill increases to level 9!
Your base Armour skill increases to level 8!
Your base Shields skill increases to level 8!
Your Invocations skill increases to level 12!
You closely miss the ice devil. You block the ice devil's attack.
You slash the ice devil!
The ice devil is moderately wounded.
You closely miss the ice devil.
The ice devil is moderately wounded.
The ice devil hits you but does no damage.
You closely miss the ice devil.
The ice devil is moderately wounded.
The ice devil hits you!
* * * LOW HITPOINT WARNING * * *
The ice devil freezes you!
You die...

#.##'#..#'###...<...#
#.#...†....##.......#
#)#........##.......#
#)###########.......#
#.).....#.. #########
#.###...#.# ###
#.#.....#)# ...#
#.#...#.#'#....#
#.....#.#@4g...+
#...###.#'#....#
#...)...'.# ...#
########### ###


You could see an ice devil and Ijyb (fast).

Vanquished Creatures
  A tyrant leech (D)
  Pargi (D)
  An ogre (D)
  A phantom (D)
  2 kobold brigands (D)
  A necrophage (D)
  A crimson imp (D)
  A gnoll (D)
  An adder skeleton (D)
  A bat zombie (D)
  2 endoplasms (D)
  A hobgoblin (D)
  3 jackals (D)
  A kobold (D)
  A quokka (D)
  A ball python (D)
  A bat (D)
  A frilled lizard (D)
  A rat (D)
23 creatures vanquished.

Notes
Turn   | Place    | Note
-------+----------+-------------------------------------------
     0 | D        | BigDaddyOpFi the Hill Orc Fighter began the quest for the
                  | Orb.
     0 | D        | Reached XP level 1. HP: 19/19 MP: 1/1
    15 | D        | Found a bloodstained altar of Trog.
    15 | D        | Found a shimmering blue altar of Sif Muna.
    15 | D        | Found a viscous altar of Jiyva.
    15 | D        | Found a hazy altar of Hepliaklqana.
    15 | D        | Found an opulent altar of Gozag.
    16 | D        | Found a glowing golden altar of the Shining One.
    16 | D        | Found a glowing silver altar of Zin.
    16 | D        | Found a basalt altar of Yredelemnul.
    16 | D        | Found a shimmering altar of Xom.
    16 | D        | Found an ornate altar of the Wu Jian Council.
    16 | D        | Found a sacrificial altar of Ru.
    16 | D        | Found a stormy altar of Qazlal.
    16 | D        | Found an iron altar of Okawaru.
    16 | D        | Found a sparkling altar of Nemelex Xobeh.
    16 | D        | Found a burning altar of Makhleb.
    16 | D        | Found a blossoming altar of Fedhas.
    16 | D        | Found a white marble altar of Elyvilon.
    16 | D        | Found a shadowy altar of Dithmenos.
    16 | D        | Found a snail-covered altar of Cheibriados.
    17 | D        | Found a radiant altar of Vehumet.
    17 | D        | Found a corrupted altar of Lugonu.
    17 | D        | Found a roughly hewn altar of Beogh.
    19 | D        | Found an ancient bone altar of Kikubaaqudgha.
    19 | D        | Found a hide-covered altar of Uskayaw.
    19 | D        | Found a broken altar of Ashenzari.
    25 | D        | Became a worshipper of Warmaster Okawaru
    52 | D        | Reached skill level 1 in Invocations
    55 | D        | Reached skill level 2 in Invocations
    66 | D        | Reached XP level 2. HP: 27/27 MP: 3/3
   143 | D        | Noticed Pargi
   146 | D        | Reached skill level 3 in Invocations
   153 | D        | Killed Pargi
   153 | D        | Reached * piety under Okawaru
   154 | D        | Reached skill level 5 in Fighting
   154 | D        | Reached skill level 5 in Axes
   154 | D        | Reached skill level 5 in Armour
   154 | D        | Reached skill level 5 in Shields
   154 | D        | Reached skill level 6 in Invocations
   154 | D        | Reached XP level 3. HP: 25/37 MP: 4/7
   154 | D        | Reached XP level 4. HP: 30/44 MP: 5/9
   275 | D        | Noticed a kobold brigand
   288 | D        | Killed a kobold brigand
   288 | D        | Noticed a phantom
   289 | D        | Reached skill level 8 in Invocations
   289 | D        | Reached XP level 5. HP: 51/51 MP: 9/11
   291 | D        | Reached XP level 6. HP: 58/58 MP: 9/12
   298 | D        | Reached skill level 9 in Invocations
   299 | D        | Reached ** piety under Okawaru
   300 | D        | Reached skill level 10 in Invocations
   366 | D        | Reached XP level 7. HP: 60/67 MP: 13/15
   376 | D        | Reached skill level 11 in Invocations
   415 | D        | Noticed Ijyb
   415 | D        | Noticed an ice devil
   415 | D        | Noticed a tyrant leech
   431 | D        | Killed a tyrant leech
   432 | D        | Reached skill level 12 in Invocations
   435 | D        | Slain by an ice devil

Illustrated notes

Levels and vault maps discovered:
D:        pitsprint [storerooms_1, entrance_room_1, metal_vault_5, armoury_2,
          mini_pit_1, grid_room_1, main_hall_1, silver_pit, the_coven_2,
          the_vestibule_1, steel_vault_1, golden_pit, hallway_of_sentries,
          crystal_vault_4, iron_vault_5, final_vault]

Skill      XL: |  1  2  3  4  5  6  7 |
---------------+----------------------+-----
Axes           | 3 5 6 8 9 |  9.1
Invocations    | 2 6 8 10 12 | 12.2
Fighting       | 4 5 6 7 8 |  8.7
Armour         | 5 6 7 8 |  8.0
Shields        | 5 6 7 8 |  8.2

Action                     |  1- 3 |  4- 6 |  7- 9 || total
---------------------------+-------+-------+-------++-------
  Melee: War axe           |    22 |    24 |    26 ||    72
 Invoke: Heroism           |       |       |     1 ||     1
    Use: Potion            |     1 |     1 |     2 ||     4
 Armour: Scale mail        |    18 |       |       ||    18
         Plate armour      |       |    16 |     7 ||    23
  Dodge: Dodged            |    14 |     7 |     5 ||    26
  Block: Buckler           |    10 |     8 |     2 ||    20

Table legend: (Time is in decaauts)
 A = Elapsed time spent in this place.
 B = Non-inter-level travel time spent in this place.
 C = Inter-level travel time spent in this place.
 D = Time resting spent in this place.
 E = Time spent auto-exploring this place.
 F = Levels seen in this place.
 G = Mean time per level.
                   A        B        C        D        E       F      G
               +--------+--------+--------+--------+--------+-----+--------+
         Total |    456 |    435 |     21 |    209 |      0 |   1 |  456.0 |
       Dungeon |    456 |    435 |     21 |    209 |      0 |   1 |  456.0 |
               +--------+--------+--------+--------+--------+-----+--------+

Top non-repeatable levels by time:
       D: 456 daAuts
